 Dungeon Crawl Stone Soup version 0.31-a0-876-gfe8ebadbca (webtiles) character file.

Game seed: 14384719320077879606

7 Xavori the Cutter (level 2, -3/21 HPs)
             Began as an Octopode Chaos Knight on Oct 13, 2023.
             Was a Plaything of Xom.
             Slain by Natasha (6 damage)
             ... on level 2 of the Dungeon.
             The game lasted 00:00:15 (382 turns).

Xavori the Cutter (Octopode Chaos Knight)            Turns: 382, Time: 00:00:16

Health: -3/21      AC:  1    Str: 11    XL:     2   Next: 0%
Magic:  2/2        EV: 13    Int: 14    God:    Xom [..*...]
Gold:   0          SH:  0    Dex: 11    Spells: 1/1 levels left

rFire   . . .        a - +0 short sword (chaos)
rCold   . . .        (no shield)
rNeg    . . .        (helmet restricted)
rPois   .            (no amulet)
rElec   .            (no ring)
rCorr   .            (no ring)
SInv    .            (no ring)
Will    .....        (no ring)
Stlth   ++           (no ring)
HPRegen 0.23/turn    (no ring)
MPRegen 0.08/turn    (no ring)
                     (no ring)

%: no passive effects
@: no status effects
A: almost no armour, amphibious, 8 rings, camouflage 1, gelatinous body 1,
(nimble swimmer 1), tentacles
a: Renounce Religion


You were on level 2 of the Dungeon.
You worshipped Xom.
You were a toy of Xom.
You visited 1 branch of the dungeon, and saw 2 of its levels.

Inventory:

Hand Weapons
 a - a +0 short sword of chaos (weapon)
Scrolls
 b - a scroll of butterflies
 c - a scroll of fog {unknown}
 d - a scroll of revelation {unknown}
 f - a scroll of silence {unknown}
 i - a scroll of summoning {unknown}
Potions
 e - 2 potions of curing {unknown}
 g - a potion of resistance {unknown}
 h - a potion of mutation {unknown}


   Skills:
 + Level 3.0 Fighting
 + Level 3.4 Short Blades
 + Level 2.3 Dodging


You had one spell level left.
You didn't know any spells.
Your spell library was empty.

Dungeon Overview and Level Annotations

Branches:
Dungeon (1/15)

Altars:

Annotations:
D:2 Natasha


Innate Abilities, Weirdness & Mutations

You cannot wear most types of armour.
You are amphibious.
You can wear up to eight rings at the same time.
Your skin changes colour to match your surroundings (Stealth+).
Your rubbery body absorbs attacks. (AC +1, EV +1)
((You are camouflaged when in or above water. (Stealth+)))
You have tentacles for arms and can constrict up to eight enemies at once.


Message History

The frilled lizard bites you.
You hit the frilled lizard. You burn the frilled lizard.
You kill the frilled lizard!
You have reached level 2!
HP restored.
A malevolent force fills the Dungeon...
You fall into a shaft and drop 1 floor!
The shaft crumbles and collapses.
Xom whispers: Shhh!
You feel stealthy.
Key pressed, stopping explore.
No target in view!
Key pressed, stopping explore.
No target in view!
Key pressed, stopping explore.
No target in view!
No target in view!
You feel less stealthy.
Natasha, Servant of Life and Death comes into view.
Natasha is nearby!
Natasha is nearby!
The helpless Natasha fails to defend herself.
You hit Natasha. You freeze Natasha. Your grab misses Natasha.
Natasha is moderately wounded. "Hum-dee-hum-dee-hum..."
Natasha flickers and vanishes!
Deactivating autopickup; reactivate with Ctrl-A.
Something claws you.
You barely miss something. Your squeeze misses something. Something claws you!
You miss something. You squeeze something. Something claws you.
You hit something. You miss something.
Your tentacle-slap misses something.
Something claws you!
* * * LOW HITPOINT WARNING * * *
You hit something but do no damage.
You hear some strange, mumbled words.
You hit something.
Xom thinks this is hilarious!
Nothing appears to happen.
Something claws you.
You die...
Xom guffaws!

##......#
####...###.#
+......# .#
####...###.#
##......#
##.#.#.#
#.....#
###.### #@#
#{# #.# #5#
..# ###


You could see a cerulean imp (summoned).

Vanquished Creatures
  2 endoplasms (D:1)
  A goblin (D:1)
  A bat (D:1)
  2 frilled lizards (D:1)
  A rat (D:1)
7 creatures vanquished.

Notes
Turn   | Place    | Note
-------+----------+-------------------------------------------
     0 | D:1      | Xavori the Octopode Chaos Knight began the quest for the
                  | Orb.
     0 | D:1      | Reached XP level 1. HP: 16/16 MP: 1/1
   181 | D:1      | XOM: cloud trail
   292 | D:1      | Reached XP level 2. HP: 20/21 MP: 2/2
   316 | D:1      | You fall into a shaft and drop 1 floor!
   316 | D:2      | XOM: stealth player
   371 | D:2      | Noticed Natasha
   376 | D:2      | XOM: enchant monster (bad)
   382 | D:2      | Slain by Natasha

Illustrated notes

Levels and vault maps discovered:
D:1:      orjb1_clovarrival, layout_loops_corners, serial_shops, shop, shop,
          shop, shop
D:2:      layout_loops_corners, ebering_ecumenical_altar_ruins, serial_shops,
          shop_fountains, uniq_natasha

Action                     || total
---------------------------++-------
  Melee: Short sword       ||    25
         Constrict         ||     3
         Tentacles         ||     3
   Stab: Sleeping          ||     2
 Armour: Skin              ||    12
  Dodge: Dodged            ||     8

Table legend: (Time is in decaauts)
 A = Elapsed time spent in this place.
 B = Non-inter-level travel time spent in this place.
 C = Inter-level travel time spent in this place.
 D = Time resting spent in this place.
 E = Time spent auto-exploring this place.
 F = Levels seen in this place.
 G = Mean time per level.
                   A        B        C        D        E       F      G
               +--------+--------+--------+--------+--------+-----+--------+
         Total |    377 |    377 |      0 |     56 |    252 |   2 |  188.5 |
       Dungeon |    377 |    377 |      0 |     56 |    252 |   2 |  188.5 |
               +--------+--------+--------+--------+--------+-----+--------+

Top non-repeatable levels by time:
     D:1: 312 daAuts
     D:2: 64 daAuts
